 Dungeon Crawl Stone Soup version 0.30-a0-39-g42789b21ef (webtiles) character file.

Game seed: 11672983024696400050

9 drugrobin the Sneak (level 1, -7/19 HPs)
             Began as a Demigod Delver on Aug 28, 2022.
             Mangled by a river rat (8 damage)
             ... on level 6 of the Dungeon.
             The game lasted 00:01:17 (91 turns).

drugrobin the Sneak (Demigod Delver)                  Turns: 91, Time: 00:01:18

Health: -7/19      AC:  3    Str: 13    XL:     1   Next: 93%
Magic:  3/3        EV: 11    Int: 12    God:
Gold:   0          SH:  0    Dex: 15    Spells: 0/0 levels left

rFire   . . .      SeeInvis .    (no weapon)
rCold   . . .      Faith    .    (no shield)
rNeg    . . .      Spirit   .    b - +0 leather armour
rPois   .          Reflect  .    (no helmet)
rElec   .          Harm     .    (no cloak)
rCorr   .          Rampage  .    (no gloves)
Will    .....                    (no boots)
Stlth   +++.......               (no amulet)
HPRegen 0.06/turn                (no ring)
MPRegen 0.08/turn                (no ring)

@: no status effects
A: high MP 1, forlorn, divine attributes
a: no special abilities


You were on level 6 of the Dungeon.
You visited 1 branch of the dungeon, and saw 2 of its levels.

Inventory:

Hand Weapons
 a - a +0 short sword
Armour
 b - a +0 leather armour (worn)
Wands
 g - a wand of digging (2)
Scrolls
 c - a scroll of fog
 d - a scroll of magic mapping
 e - a scroll of fear
Potions
 f - a potion of haste


   Skills:
 + Level 3.3 Fighting
 - Level 1.7 Short Blades
 - Level 1.7 Dodging
 - Level 4.5 Stealth


You couldn't memorise any spells.
You didn't know any spells.
Your spell library was empty.

Dungeon Overview and Level Annotations

Branches:
Dungeon (6/15)
 Temple: D:4-7


Innate Abilities, Weirdness & Mutations

You have an increased reservoir of magic. (+10% MP)
You shall have no god before yourself.
Your divine heritage dramatically boosts your attributes as you level up.


Message History

Unknown command.
Your movement speed is average.
Your attack delay is about 1.0.
Unknown command.
You hit the river rat.
The river rat is heavily wounded.
The river rat barely misses you.
Unknown command.
Unknown command.
You completely miss the river rat.
The river rat is heavily wounded.
The river rat misses you.
Unknown command.
Unknown command.
Unknown command.
You hit the river rat but do no damage.
The river rat is heavily wounded.
The river rat barely misses you.
Unknown command.
Unknown command.
You hit the river rat but do no damage.
The river rat is heavily wounded.
The river rat closely misses you.
Unknown command.
Unknown command.
You hit the river rat.
The river rat is severely wounded.
The river rat bites you.
* * * LOW HITPOINT WARNING * * *
Unknown command.
Unknown command.
Unknown command.
Unknown command.
Unknown command.
Unknown command.
Unknown command.
Okay, then.
You hit the river rat.
The river rat is severely wounded.
The river rat bites you!
You die...

#.#~~## #~~~~ #~~#
#.## ##.# #.# #.#
#r# #@# #.#
##########.#
#..........#
#######.##########
#.......#
#.####### #.# ..#


You could see a river rat.

Vanquished Creatures
  An adder (D:6)
1 creature vanquished.

Notes
Turn   | Place    | Note
-------+----------+-------------------------------------------
     0 | D:5      | drugrobin the Demigod Delver began the quest for the Orb.
     0 | D:5      | Reached XP level 1. HP: 18/18 MP: 3/3
     9 | D:5      | Noticed a necrophage
    13 | D:5      | Noticed a hound
    23 | D:5      | Noticed an orc priest
    30 | D:6      | Noticed a black bear
    91 | D:6      | Mangled by a river rat

Illustrated notes

Levels and vault maps discovered:
D:5:      layout_basic, mainiacjoe_overflow_concentric_impassable,
          hellmonk_bongcloud_opening, uniq_menkaure
D:6:      layout_loops_ring, gup_sewer_entry_bubbles,
          eino_small_chamber_without_monster

Skill      XL: |  1 |
---------------+----+-----
Fighting       | 3 |  3.3
Short Blades   | |  1.7
Dodging        | |  1.7
Stealth        | |  4.5

Action                   || total
-------------------------++-------
Melee: Unarmed           ||    11
       Short sword       ||     1
       Punch             ||     1
Evoke: Wand              ||     1
 Stab: Sleeping          ||     1
Armor: Leather armour    ||     1
Dodge: Dodged            ||     5

Table legend: (Time is in decaauts)
 A = Elapsed time spent in this place.
 B = Non-inter-level travel time spent in this place.
 C = Inter-level travel time spent in this place.
 D = Time resting spent in this place.
 E = Time spent auto-exploring this place.
 F = Levels seen in this place.
 G = Mean time per level.
                   A        B        C        D        E       F      G
               +--------+--------+--------+--------+--------+-----+--------+
         Total |     90 |     90 |      0 |      0 |      8 |   2 |   45.0 |
       Dungeon |     90 |     90 |      0 |      0 |      8 |   2 |   45.0 |
               +--------+--------+--------+--------+--------+-----+--------+

Top non-repeatable levels by time:
     D:6: 60 daAuts
     D:5: 30 daAuts
